 Dungeon Crawl Stone Soup version 0.22-a0-402-ga933591907 (webtiles) character file.

781 D1HalberdGnoll the Poker (level 7, 0/62 HPs)
             Began as a Hill Orc Monk on May 5, 2018.
             Was a Believer of Beogh.
             Slain by a gnoll
             ... wielding a +0 halberd
              (11 damage)
             ... on level 4 of the Dungeon.
             The game lasted 00:06:48 (4481 turns).

D1HalberdGnoll the Poker (Hill Orc Monk)            Turns: 4481, Time: 00:06:49

Health: 0/62       AC:  8    Str: 15    XL:     7   Next: 85%
Magic:  7/7        EV: 12    Int: 10    God:    Beogh [**....]
Gold:   215        SH:  0    Dex: 14    Spells: 6/6 levels left

rFire    . . .     SeeInvis .   b - +0 scythe
rCold    . . .     Gourm    .   (shield currently unavailable)
rNeg     . . .     Faith    .   l - +0 ring mail
rPois    .         Spirit   .   (no helmet)
rElec    .         Reflect  .   (no cloak)
rCorr    .         Harm     .   n - +1 pair of gloves
MR       .....                  (no boots)
Stlth    +.........             (no amulet)
HPRegen  0.20/turn              (no ring)
MPRegen  0.10/turn              (no ring)

@: no status effects
A: no striking features
a: Smiting, Renounce Religion


You were on level 4 of the Dungeon.
You worshipped Beogh.
Beogh was pleased with you.
You were hungry.

You visited 1 branch of the dungeon, and saw 4 of its levels.

You collected 215 gold pieces.

Inventory:

Hand Weapons
 b - a +0 scythe (weapon)
Missiles
 i - a throwing net (quivered)
Armour
 l - a +0 ring mail (worn)
 n - a +1 pair of gloves (worn)
Scrolls
 d - a scroll of enchant armour {unknown}
 e - a scroll of blinking {unknown}
 h - a scroll of amnesia
 k - 2 scrolls of teleportation
 o - a scroll of magic mapping {unknown}
Comestibles
 c - 7 rations


   Skills:
 + Level 5.8 Fighting
 * Level 6.6 Polearms
 + Level 3.8 Armour
 + Level 4.0 Dodging
 - Level 1.5 Stealth


You had 6 spell levels left.
You didn't know any spells.

Dungeon Overview and Level Annotations

Branches:
Dungeon (4/15)             Temple (0/1) D:4

Altars:
Dithmenos
Fedhas
Gozag
Hepliaklqana
Trog
Uskayaw

Shops:
D:4 }}=:

Annotations:
D:3 2 transporters, exclusion: downstairs


Message History

The gnoll is lightly wounded.
The gnoll misses you.
You hit the gnoll.
The gnoll is moderately wounded.
The gnoll hits you with a halberd!
* * * LOW HITPOINT WARNING * * *
The gnoll barely misses you.
You hit the gnoll.
The gnoll is almost dead.
The gnoll misses you.
You barely miss the gnoll.
The gnoll is almost dead.
The gnoll barely misses you. The gnoll closely misses you.
You hit the gnoll.
The gnoll is almost dead.
The gnoll misses you.
You completely miss the gnoll.
The gnoll is almost dead.
The gnoll hits you with a halberd!
You die...

#'###≈≈P... ######'g''
##########...#≈≈....
.....g....
......gg.#.g.#≈≈....
≈≈≈≈≈≈.g..
≈h≈gg≈g≈g#####≈≈....
≈≈≈≈≈≈...g
≈≈≈≈≈≈≈≈≈≈≈≈≈≈≈≈....
≈≈≈≈≈≈....≈
≈≈≈≈≈≈≈≈≈≈≈≈≈≈≈≈....
....... ..
..............P.....
###.###
##.#)#######.##.###.##.##
.....##.##....gg@....##.#
#.##.##
#..∩$........#######.##.#
#.##... ##$$$#..#####
#"##.# #.##.## ######..#
#)##.# #.....# ........#
#.##.# #...... ######.##
#.##.# #.....# .# #.##.#
#.....# ## #.##.# #.....#
#.##.#####.###


You could see 2 gnolls.

Vanquished Creatures
  Sigmund (D:3)
  The ghost of Majang the Ruffian, an amateur TrTm (D:4)
  An ogre (D:4)
  A centaur (D:4)
  A bullfrog skeleton (D:4)
  A gnoll shaman (D:4)
  A worker ant (D:4)
  15 gnolls
  2 adders (D:4)
  3 worms
  3 dart slugs
  An orc (D:3)
  7 giant cockroaches
  7 goblins
  4 hobgoblins
  5 jackals
  2 quokkas
  10 bats
  5 frilled lizards
  4 kobolds
  12 rats
87 creatures vanquished.

Notes
Turn   | Place    | Note
-------+----------+-------------------------------------------
     0 | D:1      | D1HalberdGnoll the Hill Orc Monk began the quest for the Orb.
     0 | D:1      | Reached XP level 1. HP: 19/19 MP: 1/1
    92 | D:1      | Reached XP level 2. HP: 5/27 MP: 2/2
   600 | D:1      | Reached skill level 1 in Armour
   870 | D:2      | Reached XP level 3. HP: 33/33 MP: 3/3
  1590 | D:2      | Noticed an enchanted hand axe
  1591 | D:2      | Noticed a hand axe
  1598 | D:2      | Found a hide-covered altar of Uskayaw.
  1845 | D:3      | Found a faded altar of an unknown god.
  1880 | D:3      | Reached skill level 4 in Polearms
  1941 | D:3      | Noticed an ice beast
  1943 | D:3      | Noticed an ogre
  1946 | D:3      | Noticed a phantom
  1946 | D:3      | Found a bloodstained altar of Trog.
  1947 | D:3      | Found a transporter.
  1948 | D:3      | Found a shadowy altar of Dithmenos.
  1952 | D:3      | Found a transporter.
  2042 | D:3      | Noticed Sigmund
  2088 | D:3      | Killed Sigmund
  2088 | D:3      | Reached skill level 5 in Polearms
  2088 | D:3      | Reached XP level 4. HP: 15/41 MP: 4/4
  2088 | D:3      | Reached XP level 5. HP: 17/47 MP: 5/5
  2244 | D:3      | Found a hazy altar of Hepliaklqana.
  2249 | D:3      | Became a worshipper of Beogh the Brigand
  2249 | D:3      | Reached * piety under Beogh
  2249 | D:3      | Reached ** piety under Beogh
  2365 | D:3      | Found a blossoming altar of Fedhas.
  2369 | D:3      | Found an opulent altar of Gozag.
  2680 | D:4      | Noticed a centaur
  2682 | D:4      | Reached XP level 6. HP: 53/55 MP: 6/6
  2697 | D:4      | Reached skill level 5 in Fighting
  3066 | D:4      | Found Avairere's Gadget Shop.
  3081 | D:4      | Noticed Majang's ghost (amateur TrTm)
  3424 | D:4      | Found Niur's Gadget Shoppe.
  3477 | D:4      | Killed Majang's ghost
  3477 | D:4      | Reached skill level 6 in Polearms
  3477 | D:4      | Reached XP level 7. HP: 15/61 MP: 3/7
  4056 | D:4      | Found Ylud's Jewellery Shop.
  4091 | D:4      | Found Deit's Book Shoppe.
  4273 | D:4      | Found a staircase to the Ecumenical Temple.
  4481 | D:4      | Slain by a gnoll

Vault maps used:
D:1:      eino_arrival_cavern_a, palyth_stone_intersect
D:2:      dancing_weapons_uskayaw, kennysheep_generic_room_10
D:3:      gammafunk_temple_overflow_arena, overflow_temple_1_default,
          grunt_temple_overflow_open, chequers_ecumenical_altar_simple,
          uniq_sigmund
D:4:      lemuel_castle_with_subvaults, makhleb_altar_promises_db,
          minmay_temple_entry_statues, serial_shops, shop, kennysheep_mini,
          kennysheep_little_box, nicolae_shop_competitors_out_of_business,
          shop_coins

Skill      XL: |  1  2  3  4  5  6  7 |
---------------+----------------------+-----
Armour         | 1 2 3 |  3.8
Fighting       | 4 5 |  5.8
Polearms       | 5 6 |  6.6
Dodging        | 3 4 |  4.0
Stealth        | |  1.5

Action                   |  1- 3 |  4- 6 |  7- 9 || total
-------------------------+-------+-------+-------++-------
Melee: Spear             |   203 |       |       ||   203
       Scythe            |       |    91 |    85 ||   176
Invok: Convert to Beogh  |       |     1 |       ||     1
       Smiting           |       |     2 |       ||     2
  Use: Scroll            |     4 |     2 |     1 ||     7
       Potion            |     5 |     3 |     1 ||     9
 Stab: Sleeping          |    10 |     1 |       ||    11
       Invisible         |     1 |       |       ||     1
  Eat: Chunk             |     4 |     4 |     3 ||    11
Armor: Robe              |    11 |       |       ||    11
       Leather armour    |    24 |       |       ||    24
       Skin              |    15 |       |       ||    15
       Ring mail         |       |    47 |    32 ||    79
Dodge: Dodged            |    84 |    97 |    69 ||   250

Table legend:
 A = Spawn XP
 B = Non-spawn XP
 C = Spawn XP percentage of total XP
 D = Spawn monster count
 E = Non-spawn monster count
 F = Spawn count percentage of total count
 G = Total turns spent on level
                    A         B        C        D         E        F      G
               +---------+---------+-------+---------+---------+-------+---------
         Total |       0 |    1116 |   0.0 |       0 |      87 |   0.0 |  4481
               +---------+---------+-------+---------+---------+-------+---------
           D:1 |       0 |      32 |   0.0 |       0 |      19 |   0.0 |   833
           D:2 |       0 |      21 |   0.0 |       0 |      15 |   0.0 |  1012
           D:3 |       0 |     268 |   0.0 |       0 |      25 |   0.0 |  1748
           D:4 |       0 |     795 |   0.0 |       0 |      28 |   0.0 |   888
               +---------+---------+-------+---------+---------+-------+---------
